Unix NetHack Version 5.0.0-0 post-release - last build Jun 10 2026 00:39:30 (3ee93aec679c4c4259841fe613dc97188e26a321,branch:main).

Game began 2026-06-23 00:43:18, ended 2026-06-23 00:49:09.

DaveT, lawful male human Priest

                                    ---------------
                                    ..(........%@Z| ###############`
                                    |....`.........##              ###
                                    ----+----------##                #
                                                                     ########
                                                                          --.-
                                                                          |..|
                                                                          |..|
                                                                          |.{|
                                                                          ...|
                                                                          |<.|
                                                                          ...|
                                                                          ----

DaveT the Acolyte            St:14 Dx:11 Co:14 In:9 Wi:18 Ch:11  Lawful
Dlvl:5  $:369 HP:0(27) Pw:48(48) AC:6  Xp:3 T:1532 

Latest messages:
 The kobold throws a dart!
 You are hit by a dart.
 The kobold throws a dart!
 A dart misses you.
 You miss the kobold.
 You kill the kobold!
 You see here 12 darts.
 t - 12 darts.
 You see here a dart.
 t - a dart (13 in total).
 You descend the stairs.
 You see here 7 crude arrows.
 u - 7 crude arrows.
 You see here 6 gold pieces.
 $ - 6 gold pieces (369 in total).
 You miss the cave spider.
 The cave spider just misses!
 You kill the cave spider!
 You see here a chest.
 You feel tough!
 You must have been leading a healthy life-style.
 Hmmm, the chest turns out to be locked.
 In what direction? h
 You kick a locked chest.
 THUD!
 You hear a muffled shatter.
 You break open the lock!
 You see here a broken chest.
 v - a cursed scroll labeled FNORD.
 w - a copper spellbook.
 You miss the giant rat.
 The giant rat bites!
 You hit the giant rat.
 The giant rat just misses!
 You miss the giant rat.
 The giant rat misses!
 You miss the giant rat.
 The giant rat bites!
 You kill the giant rat!
 You destroy the dwarf zombie!
 You see here a dwarf corpse.
 The human zombie hits!
 You hit the human zombie!
 You hit the human zombie.
 The human zombie hits!
 You miss the human zombie.
 The human zombie hits!
 You die...
 Do you want your possessions identified? [ynq] (y) y
 Do you want to see your attributes? [ynq] (y) q

Inventory:
 Coins    ('$')
  $ - 369 gold pieces
 Weapons  (')')
  u - 7 +0 orcish arrows
  t - 13 +0 darts
  a - a blessed +1 mace (weapon in right hand)
 Armor    ('[')
  s - a +0 orcish helm (being worn)
  c - a +0 small shield (being worn)
  b - a +0 robe (being worn)
 Comestibles  ('%')
  e - a clove of garlic
  f - a sprig of wolfsbane
 Scrolls  ('?')
  v - a cursed scroll of confuse monster
 Spellbooks  ('+')
  w - a spellbook of chain lightning
 Potions  ('!')
  d - 3 potions of holy water
 Tools    ('(')
  m - a blessed oil lamp
 Gems/Stones  ('*')
  r - a worthless piece of red glass

DaveT the Priest's attributes:

Background:
 You were an Acolyte, a level 3 human Priest.
 You were lawful, nominally on a mission for Shan Lai Ching
 who was opposed by Chih Sung-tzu (neutral) and Huan Ti (chaotic).
 You were right-handed.
 You were in the Dungeons of Doom, on level 5.
 You entered the dungeon 1532 turns ago.
 It was the midnight hour.
 You had 75 experience points, 5 more were needed to attain level 4.

Basics:
 You had 0 out of 27 hit points.
 You had all 48 energy points (spell power).
 Your armor class was 6.
 Your wallet contained 369 zorkmids.
 Autopickup was off.

Final Characteristics:
 Your strength was 14 (limit:18/100).
 Your dexterity was 11 (limit:18).
 Your constitution was 14 (limit:18).
 Your intelligence was 9 (limit:18).
 Your wisdom was 18 (limit:18).
 Your charisma was 11 (limit:18).

Final Status:
 You weren't hungry.
 You were unencumbered.
 You were wielding a mace.
 You had basic skill with mace.

Final Attributes:
 You were devoutly aligned.
 You were guarded.
 Your spell casting was enhanced by wearing a robe.
 You are dead.

Miscellaneous:
 You didn't encounter any bones levels.
 Total elapsed playing time was 5 minutes and 49 seconds.

Major events:
 Turn
    1: DaveT the lawful human Priest entered the dungeon
  954: attained the rank of Acolyte (level 3)
 1056: entered the Gnomish Mines
 1532: killed by a human zombie

Spells:
 Name                 Level Category     Fail Retention
 light                  1   clerical       0%  91%-100%
 create monster         2   clerical       0%  91%-100%

Skills:
 Fighting Skills
   bare handed combat [Unskilled]
 Weapon Skills
   club               [Unskilled]
   mace               [Basic]
   morning star       [Unskilled]
   flail              [Unskilled]
   hammer             [Unskilled]
   quarterstaff       [Unskilled]
   polearms           [Unskilled]
   spear              [Unskilled]
   trident            [Unskilled]
   lance              [Unskilled]
   bow                [Unskilled]
   sling              [Unskilled]
   crossbow           [Unskilled]
   dart               [Unskilled]
   shuriken           [Unskilled]
   boomerang          [Unskilled]
   unicorn horn       [Unskilled]
 Spellcasting Skills
   healing spells     [Unskilled]
   divination spells  [Unskilled]
   clerical spells    [Basic]

Voluntary challenges:
 Character rerolling was not enabled.
 You were an atheist.
 You never genocided any monsters.
 You never polymorphed an object.
 You never changed form.
 You used no wishes.
Achievements:
 You entered a shop.
 You attained the rank of Acolyte.
 You entered the Gnomish Mines.

 The Dungeons of Doom: levels 1 to 5
    Level 1:
    Level 2:
    Level 3:
       A bookstore, some fountains.
       Stairs down to The Gnomish Mines.
    Level 4:
       A fountain.
    Level 5: <- You were here.
       A fountain.
       Final resting place for
          you, killed by a human zombie.
 The Gnomish Mines:
    Level 4:


Vanquished creatures:
  a shrieker
  a dwarf zombie
 an acid blob
  a large kobold
  a hobgoblin
  a giant rat
  a cave spider
  a yellow mold
  2 gnome zombies
  a kobold
  2 sewer rats
  5 grid bugs
  2 bats
  a lichen
  4 kobold zombies
  5 newts
30 creatures vanquished.

No species were genocided or became extinct.

Game over:
                       ----------
                      /          \
                     /    REST    \
                    /      IN      \
                   /     PEACE      \
                  /                  \
                  |      DaveT       |
                  |      369 Au      |
                  |   killed by a    |
                  |   human zombie   |
                  |                  |
                  |                  |
                  |       2026       |
                 *|     *  *  *      | *
        _________)/\\_//(\/(/\)/\//\/|_)_______

Goodbye DaveT the Priest...

You died in The Dungeons of Doom on dungeon level 5 with 873 points,
and 369 pieces of gold, after 1532 moves.
You were level 3 with a maximum of 27 hit points when you died.

